 Dungeon Crawl Stone Soup version 0.31-a0-841-g038b102fc3 (webtiles) character file.

Game seed: 12325859238840752391

74 Kurtz the Chopper (level 4, -3/31 HPs)
             Began as an Octopode Fighter on Sept 28, 2023.
             Slain by Robin
             ... wielding a +0 spear
              (5 damage)
             ... on level 3 of the Dungeon.
             The game lasted 00:01:11 (1487 turns).

Kurtz the Chopper (Octopode Fighter)                Turns: 1487, Time: 00:01:11

Health: -3/31      AC:  0    Str: 15    XL:     4   Next: 30%
Magic:  4/4        EV: 20    Int: 10    God:
Gold:   115        SH:  0    Dex: 18    Spells: 3/3 levels left

rFire   . . .        a - melded +0 war axe
rCold   . . .        b - melded +0 buckler
rNeg    . . .        (helmet currently unavailable)
rPois   .            (no amulet)
rElec   .            (ring currently unavailable)
rCorr   .            (ring currently unavailable)
SInv    .            (ring currently unavailable)
Will    .....        (ring currently unavailable)
Stlth   ++           (ring currently unavailable)
HPRegen 0.25/turn    (ring currently unavailable)
MPRegen 0.09/turn    (ring currently unavailable)
                     (ring currently unavailable)

%: no passive effects
@: bat-form, flying, very quick
A: fast, flying, no casting, almost no armour, (amphibious), (8 rings), tiny,
(camouflage 1), (gelatinous body 1), (nimble swimmer 1), (tentacles)
a: no special abilities


You were on level 3 of the Dungeon.
You were a bat.
You visited 1 branch of the dungeon, and saw 3 of its levels.

You collected 115 gold pieces.

Inventory:

Hand Weapons
 a - a +0 war axe (melded)
Armour
 b - a +0 buckler (melded)
Scrolls
 d - a scroll of blinking {unknown}
 f - a scroll of butterflies {unknown}
 g - 2 scrolls of vulnerability {unknown}
 h - a scroll of poison {unknown}
 j - 5 scrolls of teleportation {unknown}
 n - a scroll of identify {unknown}
Potions
 c - a potion of might
 e - a potion of haste {unknown}
 i - 2 potions of attraction {unknown}
 k - a potion of invisibility {unknown}
 l - a potion of enlightenment {unknown}
 m - a potion of curing {unknown}


   Skills:
 - Level 3.0 Fighting
 * Level 4.4 Axes
 - Level 3.0 Dodging
 - Level 3.0 Shields


You had 3 spell levels left.
You didn't know any spells.
Your spell library contained the following spells:

 Spells                   Type           Power      Damage    Failure   Level
 Gell's Gravitas          Tloc           0%         N/A       75%         3
 Teleport Other           Tloc           0%         N/A       75%         3
 Dispersal                Tloc           0%         N/A       100%        6


Dungeon Overview and Level Annotations

Branches:
Dungeon (3/15)

Altars:
Ru

Annotations:
D:3 Robin


Innate Abilities, Weirdness & Mutations

You are a bat.
You are tiny and dextrous.
You move quickly.
You are flying.
Your equipment is almost entirely melded.
You are incapable of wielding weapons or throwing items.
You cannot cast spells.
You cannot wear most types of armour.
((You are amphibious.))
((You can wear up to eight rings at the same time.))
((Your skin changes colour to match your surroundings (Stealth+).))
((Your rubbery body absorbs attacks. (AC +1, EV +1)))
((You are camouflaged when in or above water. (Stealth+)))
((You have tentacles for arms and can constrict up to eight enemies at once.))


Message History

The hobgoblin is severely wounded.
You constrict the hobgoblin, but do no damage.
Robin barely misses you. The hobgoblin hits you.
* * * LOW HITPOINT WARNING * * *
Robin hits you from afar with a +0 spear.
* * * LOW HITPOINT WARNING * * *
A goblin comes into view. It is wielding a +0 club.
You barely miss the hobgoblin. You squeeze the hobgoblin.
You kill the hobgoblin!
Robin roars a battlecry!
The goblins go into a battle-frenzy!
Robin hits you but does no damage.
Items here: )) ††.
You hit Robin. Your grab misses Robin. Your squeeze misses Robin.
Robin is moderately wounded.
Robin throws the goblin at you!
Unknown command.
You closely miss the goblin. You grab the goblin. You tentacle-slap the goblin.
You kill the goblin!
You hit Robin but do no damage. You block Robin's attack.
Robin throws the goblin at you!
* * * LOW HITPOINT WARNING * * *
Unknown command.
You closely miss Robin. Your grab misses Robin.
Robin is moderately wounded.
You closely miss the goblin. The goblin hits you with a +0 club.
* * * LOW HITPOINT WARNING * * *
Robin barely misses you.
Unknown command.
You hit the goblin.
You kill the goblin!
You hit Robin.
Robin zaps a wand.
You turn into a bat.
Your +0 war axe melds into your body.
Your +0 buckler melds into your body.
Robin barely misses you.
Unknown command.
You hit Robin but do no damage.
Robin is severely wounded.
Robin hits you with a +0 spear.
You die...
Robin says, "And that's why I'm the boss."

###........#.##...###........#
#.....###..##...###..###...####
###.....###.###.....†..#
#....... ............#
#...####.# ######..
........##### #...#
#.#######... ....#...# #...#
#.........#. ....#...# ##)##
..#########. ... ###.## #)# ...
## .. #..### #b# .#.
##...#####g##...#.
###.......†..# ###.....####
#..###.# #..## #.# #.# #.# #..
#.. ...# ..#


You could see Robin.

Vanquished Creatures
  An adder (D:2)
  2 dart slugs
  5 endoplasms
  3 giant cockroaches
  8 goblins
  10 hobgoblins
  5 jackals
  3 kobolds
  2 quokkas
  2 ball pythons
  4 bats
  4 frilled lizards
  6 rats
55 creatures vanquished.

Notes
Turn   | Place    | Note
-------+----------+-------------------------------------------
     0 | D:1      | Kurtz the Octopode Fighter began the quest for the Orb.
     0 | D:1      | Reached XP level 1. HP: 16/16 MP: 1/1
   184 | D:1      | Reached XP level 2. HP: 21/21 MP: 2/2
   244 | D:1      | Reached skill level 3 in Axes
   758 | D:1      | Reached XP level 3. HP: 26/26 MP: 3/3
   991 | D:2      | Reached skill level 4 in Axes
  1291 | D:3      | Reached XP level 4. HP: 31/31 MP: 4/4
  1300 | D:3      | Found a sacrificial altar of Ru.
  1472 | D:3      | Noticed Robin
  1476 | D:3      | Identified the +3 whip "Loyheo" {pain, Dex+4}
  1487 | D:3      | Slain by Robin

Illustrated notes

Levels and vault maps discovered:
D:1:      onia_arrival_mini_maze, layout_loops_ring, grunt_decor_mini_mirrors,
          minivault_27
D:2:      layout_rooms
D:3:      layout_rooms, hangedman_ru_absence, mainiacjoe_overflow_alcove_4,
          minmay_fractal_squares_5, uniq_sigmund, uniq_pargi, uniq_robin

Skill      XL: |  1  2  3 |
---------------+----------+-----
Axes           | 3 4 |  4.4
Fighting       | |  3.0
Dodging        | |  3.0
Shields        | |  3.0

Action                     |  1- 3 |  4- 6 || total
---------------------------+-------+-------++-------
  Melee: War axe           |    74 |    20 ||    94
         Constrict         |    19 |     7 ||    26
         Tentacles         |    12 |     5 ||    17
         Punch             |     1 |     1 ||     2
         Unarmed           |       |     1 ||     1
   Stab: Sleeping          |    11 |     1 ||    12
 Armour: Skin              |    18 |    14 ||    32
  Dodge: Dodged            |    43 |    17 ||    60
  Block: Buckler           |    14 |     7 ||    21

Table legend: (Time is in decaauts)
 A = Elapsed time spent in this place.
 B = Non-inter-level travel time spent in this place.
 C = Inter-level travel time spent in this place.
 D = Time resting spent in this place.
 E = Time spent auto-exploring this place.
 F = Levels seen in this place.
 G = Mean time per level.
                   A        B        C        D        E       F      G
               +--------+--------+--------+--------+--------+-----+--------+
         Total |   1521 |   1469 |     52 |      0 |   1147 |   3 |  507.0 |
       Dungeon |   1521 |   1469 |     52 |      0 |   1147 |   3 |  507.0 |
               +--------+--------+--------+--------+--------+-----+--------+

Top non-repeatable levels by time:
     D:1: 811 daAuts
     D:2: 464 daAuts
     D:3: 245 daAuts
